 Dungeon Crawl Stone Soup version 0.29-a0-998-g1987434951 (webtiles) character file.

Game seed: 18088591198317476970

10588 kae the Arsonist (level 11, -3/64 HPs)
             Began as a Deep Elf Fire Elementalist on Aug 5, 2022.
             Was a Believer of Vehumet.
             Killed from afar by a rime drake (14 damage)
             ... with a flash freeze
             ... on level 1 of the Lair of Beasts.
             The game lasted 00:11:29 (12338 turns).

kae the Arsonist (Deep Elf Fire Elementalist)      Turns: 12338, Time: 00:11:30

Health: -3/64      AC:  9    Str:  5    XL:     11   Next: 38%
Magic:  0/26       EV: 26    Int: 25    God:    Vehumet [**....]
Gold:   653        SH:  0    Dex: 15    Spells: 4/29 levels left

rFire   . . .      SeeInvis .   j - +4 spear (venom)
rCold   . . .      Faith    .   (no shield)
rNeg    . . .      Spirit   .   H - +0 acid dragon scales
rPois   .          Reflect  .   (no helmet)
rElec   .          Harm     .   (no cloak)
rCorr   +          Rampage  .   e - +2 pair of gloves
Will    +....                   (no boots)
Stlth   ++........              A - amulet of the acrobat
HPRegen 0.20/turn               Z - ring of wizardry
MPRegen 0.20/turn               L - ring of flight

@: acrobatic, flying
A: no striking features
a: Renounce Religion


You were on level 1 of the Lair of Beasts.
You worshipped Vehumet.
Vehumet was pleased with you.
You visited 3 branches of the dungeon, and saw 12 of its levels.

You collected 653 gold pieces.


   Skills:
 + Level 5.5 Fighting
 - Level 2.4 Dodging
 - Level 2.4 Stealth
 + Level 9.6 Spellcasting
 * Level 10.7 Conjurations
 - Level 8.3 Hexes
 * Level 11.2 Fire Magic


You had 4 spell levels left.
You knew the following spells:

 Your Spells              Type           Power      Damage    Failure   Level
a - Foxfire               Conj/Fire      100%       2x1d9     1%          1
b - Scorch                Fire           100%       2d10      1%          2
c - Conjure Flame         Conj/Fire      61%        6-21      1%          3
d - Inner Flame           Hex/Fire       57%        N/A       1%          3
e - Flame Wave            Conj/Fire      61%        2d14      1%          4
f - Mephitic Cloud        Conj/Pois/Air  30%        N/A       3%          3
g - Ignite Poison         Fire/Tmut/Pois 30%        N/A       3%          3
h - Starburst             Conj/Fire      30%        6d9       8%          6

Your spell library contained the following spells:

 Spells                   Type           Power      Damage    Failure   Level
 Magic Dart               Conj           100%       1d8       1%          1
 Dazzling Flash           Conj/Hex       100%       N/A       1%          3
 Apportation              Tloc           24%        N/A       4%          1
 Iskenderun's Mystic Bla  Conj/Tloc      39%        2d9       4%          4
 Blink                    Tloc           24%        N/A       7%          2
 Freezing Cloud           Conj/Ice/Air   15%        6-21      26%         5
 Alistair's Intoxication  Tmut/Pois      8%         N/A       75%         5
 Manifold Assault         Tloc           12%        N/A       75%         5
 Summon Cactus Giant      Summ           6%         N/A       99%         6
 Storm Form               Tmut/Air       6%         N/A       100%        7

Inventory:

Hand Weapons
 j - a +4 spear of venom (weapon)
   (You found it on level 2 of the Dungeon)
 k - a +0 trident of venom
   (You found it on level 1 of the Dungeon)
Missiles
 c - 91 stones
 h - 11 boomerangs
 y - 4 javelins
 F - 6 poisoned darts
 G - a curare-tipped dart {=f}
Armour
 a - a +0 robe
 e - a +2 pair of gloves (worn)
   (You found it on level 1 of the Dungeon)
 H - +0 acid dragon scales (worn)
   (You found it on level 9 of the Dungeon)
Magical Staves
 v - a staff of fire {!a}
   (You found it on level 4 of the Dungeon)
 J - a staff of conjuration {!a}
   (You found it on level 9 of the Dungeon)
Jewellery
 d - a +6 ring of dexterity
   (You found it on level 2 of the Dungeon)
 p - a +6 ring of dexterity
   (You found it on level 6 of the Dungeon)
 A - an amulet of the acrobat (around neck)
   (You found it on level 8 of the Dungeon)
 C - a ring of protection from cold
   (You found it on level 2 of the Dungeon)
 D - a +6 ring of dexterity
   (You found it on level 1 of the Dungeon)
 L - a ring of flight (right hand)
   (You found it on level 1 of the Dungeon)
 M - a ring of willpower
   (You found it on level 10 of the Dungeon)
 Z - a ring of wizardry (left hand)
   (You found it on level 7 of the Dungeon)
Wands
 z - a wand of roots (18)
   (You took it off an orc on level 7 of the Dungeon)
 B - a wand of flame (9)
   (You found it on level 9 of the Dungeon)
 E - a wand of polymorph (14)
   (You found it on level 8 of the Dungeon)
Scrolls
 m - a scroll of enchant armour
 t - 10 scrolls of teleportation {@r4}
 u - 3 scrolls of immolation {!r!r}
 w - 2 scrolls of vulnerability {!r!r}
 x - a scroll of blinking {!r}
Potions
 b - a potion of magic
 f - 3 potions of curing {@q1}
 g - 3 potions of brilliance {unknown}
 i - 3 potions of mutation {!q}
 l - 2 potions of might
 n - 4 potions of flight {unknown}
 o - a potion of lignification {!q}
 q - a potion of attraction {!q}
 s - 3 potions of haste {@q3}
 I - a potion of cancellation {unknown}
 K - a potion of ambrosia

Dungeon Overview and Level Annotations

Branches:
Dungeon (10/15) Zot: 25369  Temple (1/1) D:7 Zot: 5965    Lair (1/5) D:10 Zot: 5801
    Orc: D:9-12

Altars:
Ashenzari
Cheibriados
Dithmenos
Elyvilon
Fedhas
Gozag
Hepliaklqana
Kikubaaqudgha
Makhleb
Nemelex Xobeh
Okawaru
Qazlal
Ru
Sif Muna
Trog
Uskayaw
Vehumet
Wu Jian
Xom
Yredelemnul
Zin
The Shining One

Shops:
D:6 :   D:8 ?

Annotations:
D:6 2 transporters, Sudilos's ghost, novice GrBe
D:7 exclusion: hornet
D:8 Erica
Temple 2 transporters

##.## #####..#
#......# #.#...##
##.....#
##......##
#........#
#.......k##
#.....§@#†#
#......§#k##
#......##..##
#......##...#
#......###††......
#.....## #........
##..### #........
#### .........
##.......


You could see a rime drake (catching breath, combustible).


Message History

Casting: Scorch (safe; 1% risk of failure)
Confirm with . or Enter, or press ? or * to list all spells.
Flames lash the bullfrog.
The bullfrog's fire resistance burns away.
The bullfrog hits you but does no damage.
The bullfrog misses you. The bullfrog misses you. 😮 MP[-2]
You lost 2 mp, and now have 10/26 mp.
Casting: Scorch (safe; 1% risk of failure)
Confirm with . or Enter, or press ? or * to list all spells.
Flames lash the black bear.
The black bear's fire resistance burns away.
The bullfrog closely misses you. The bullfrog hits you.
* * * LOW HITPOINT WARNING * * *
The black bear goes berserk!
The bullfrog completely misses you. 😨 HP[-5] MP[-1]
You take 5 damage, and now have 30/64 hp.
You lost 1 mp, and now have 9/26 mp.
Casting: Scorch (safe; 1% risk of failure)
Confirm with . or Enter, or press ? or * to list all spells.
Flames lash the bullfrog.
The bullfrog is burned terribly!
You kill the bullfrog!
Vehumet accepts your kill. The black bear bites you.
* * * LOW HITPOINT WARNING * * *
The black bear barely misses you. The black bear claws you.
* * * LOW HITPOINT WARNING * * *
The black bear misses you.
The black bear closely misses you. x2 😨 HP[-10] MP[-2]
You take 10 damage, and now have 20/64 hp.
You lost 2 mp, and now have 7/26 mp.
Casting: Scorch (safe; 1% risk of failure)
Confirm with . or Enter, or press ? or * to list all spells.
Flames lash the rime drake.
The rime drake's fire resistance burns away.
The black bear is no longer more vulnerable to fire.
The black bear bites you.
* * * LOW HITPOINT WARNING * * *
The black bear claws you.
* * * LOW HITPOINT WARNING * * *
The black bear misses you. The black bear closely misses you.
The black bear claws you.
* * * LOW HITPOINT WARNING * * *
The black bear claws you but does no damage.
The black bear completely misses you. The black bear claws you.
* * * LOW HITPOINT WARNING * * *
The black bear closely misses you. 😱 HP[-17] MP[-2]
You take 17 damage, and now have 3/64 hp.
MASSIVE DAMAGE!! (PAUSE)
You lost 2 mp, and now have 5/26 mp.
You feel much better. The black bear bites you.
* * * LOW HITPOINT WARNING * * *
The black bear claws you.
* * * LOW HITPOINT WARNING * * *
The black bear misses you.
The black bear bites you but does no damage.
The black bear claws you.
* * * LOW HITPOINT WARNING * * *
The black bear claws you.
* * * LOW HITPOINT WARNING * * *
😱 HP[+7] MP[+1]
You regained 7 hp, and now have 10/64 hp.
Casting: Scorch (safe; 1% risk of failure)
Confirm with . or Enter, or press ? or * to list all spells.
Flames lash the black bear.
You kill the black bear!
Vehumet accepts your kill.
The rime drake closely misses you. 😱 MP[-2]
You lost 2 mp, and now have 4/26 mp.
Casting: Scorch (safe; 1% risk of failure)
Confirm with . or Enter, or press ? or * to list all spells.
Flames lash the rime drake but do no damage.
The rime drake is no longer more vulnerable to fire.
The rime drake bites you but does no damage.
The rime drake closely misses you.
The rime drake misses you. 😱 HP[+1] MP[-1]
You lost 1 mp, and now have 3/26 mp.
Casting: Scorch (safe; 1% risk of failure)
Confirm with . or Enter, or press ? or * to list all spells.
Flames lash the rime drake.
The rime drake's fire resistance burns away.
The rime drake bites you but does no damage.
The rime drake misses you. 😱 MP[-2]
You lost 2 mp, and now have 1/26 mp.
Casting: Scorch (safe; 1% risk of failure)
Confirm with . or Enter, or press ? or * to list all spells.
You don't have enough magic to cast this spell.
Casting: Scorch (safe; 1% risk of failure)
Confirm with . or Enter, or press ? or * to list all spells.
You conjure some foxfire!
The rime drake closely misses you.
The foxfire hits the rime drake.
The rime drake is burned terribly!
The foxfire hits the rime drake.
The rime drake breathes ice at you. The flash freeze hits you!
You die...

Skill      XL: |  1  2  3  4  5  6  7  8  9 10 11 |
---------------+----------------------------------+-----
Conjurations   | 2 3 4 5 7 8 10 | 10.7
Fire Magic     | 4 5 6 7 9 10 11 | 11.2
Fighting       | 1 2 3 4 5 |  5.5
Spellcasting   | 4 5 6 7 9 |  9.6
Hexes          | 1 2 3 5 6 7 8 |  8.3
Dodging        | |  2.4
Stealth        | |  2.4

Action                   |  1- 3 |  4- 6 |  7- 9 | 10-12 || total
-------------------------+-------+-------+-------+-------++-------
Melee: Spear             |     6 |    24 |     8 |     7 ||    45
       Punch             |       |       |       |     1 ||     1
 Cast: Foxfire           |    70 |    83 |    83 |    34 ||   270
       Scorch            |     4 |    14 |    49 |    48 ||   115
       Conjure Flame     |       |       |     3 |     1 ||     4
       Inner Flame       |       |       |     2 |     2 ||     4
       Flame Wave        |       |       |     7 |    15 ||    22
       Starburst         |       |       |       |     1 ||     1
  Use: Scroll            |     3 |     6 |    13 |     1 ||    23
       Potion            |       |     1 |       |     3 ||     4
 Stab: Sleeping          |       |     1 |       |       ||     1
Armor: Robe              |     7 |    22 |    16 |     1 ||    46
       Acid dragon scale |       |       |       |    35 ||    35
       Skin              |       |       |       |     6 ||     6
Dodge: Dodged            |    21 |    47 |    43 |   130 ||   241

Levels and vault maps discovered:
D:1:      eino_arrival_cavern_a, layout_basic,
          hellmonk_ecumenical_altar_crossroads
D:2:      layout_rooms, minmay_vboxes, uniq_sigmund
D:3:      layout_rooms
D:4:      minmay_chambers_of_twos, layout_basic, nicolae_uskayaw_en_pointe,
          ebering_ghost_sewer_d, minmay_hedge_maze,
          nicolae_elevator_lobby_asterisk
D:5:      layout_basic, gammafunk_temple_overflow_pools
D:6:      layout_loops_ring, gammafunk_ghost_hive, serial_shops, shop
D:7:      layout_cave_pods, temple_green
D:8:      layout_loops_ring, serial_shops, nicolae_lakefront_shop,
          minmay_statues_item, uniq_erica
D:9:      nicolae_cairo_tiling_large_dashed, layout_loops_ring,
          kennysheep_island_fort
D:10:     layout_roguey, minmay_lair_entry_grove, uniq_joseph
Temple:   hellmonk_temple_divided_pantheon
Lair:1:   layout_cave_pods, st_stairs_8, grunt_megastairs_5, uniq_sonja,
          uniq_fannar

Notes
Turn   | Place    | Note
-------+----------+-------------------------------------------
     0 | D:1      | kae the Deep Elf Fire Elementalist began the quest for the
                  | Orb.
     0 | D:1      | Reached XP level 1. HP: 10/10 MP: 6/6
     0 | D:1      | magus.rc [v1.11.3]
   151 | D:1      | Found a faded altar of an unknown god.
   181 | D:1      | Reached XP level 2. HP: 15/15 MP: 1/8
   275 | D:1      | Learned a level 2 spell: Scorch
  1339 | D:2      | Reached skill level 2 in Conjurations
  1399 | D:2      | Reached XP level 3. HP: 20/20 MP: 6/9
  1534 | D:2      | Reached skill level 4 in Fire Magic
  1648 | D:2      | Noticed Sigmund
  1722 | D:2      | Reached XP level 4. HP: 24/24 MP: 8/11
  1763 | D:2      | You add the spells Ignite Poison, Mephitic Cloud and
                  | Freezing Cloud to your library.
  2296 | D:3      | Reached skill level 1 in Fighting
  2524 | D:3      | Reached skill level 3 in Conjurations
  2737 | D:4      | Noticed a black bear
  2775 | D:4      | Reached skill level 4 in Spellcasting
  2775 | D:4      | Reached XP level 5. HP: 29/29 MP: 5/13
  2894 | D:4      | Learned a level 3 spell: Conjure Flame
  3023 | D:4      | Learned a level 3 spell: Inner Flame
  3036 | D:4      | Killed a black bear
  3037 | D:4      | Reached skill level 1 in Hexes
  3070 | D:4      | Found a runed translucent door.
  3225 | D:4      | Reached skill level 5 in Fire Magic
  3257 | D:4      | Reached XP level 6. HP: 31/34 MP: 12/14
  3460 | D:4      | Noticed olaf's ghost (amateur MeBe)
  3542 | D:4      | Reached skill level 4 in Conjurations
  3725 | D:4      | Noticed a +0 short sword
  3725 | D:4      | Noticed a +0 falchion
  3726 | D:4      | Noticed a +0 dagger
  3726 | D:4      | Noticed a +0 falchion
  3727 | D:4      | Noticed a +0 short sword
  3729 | D:4      | Noticed a +0 spear
  3735 | D:4      | Noticed a +0 spear
  3740 | D:4      | Noticed a +0 dagger
  3752 | D:4      | Found a hide-covered altar of Uskayaw.
  3778 | D:4      | HP: 4/35 [gnoll/+0 spear (7)]
  3784 | D:4      | Reached skill level 2 in Hexes
  4073 | D:5      | Entered Level 5 of the Dungeon
  4115 | D:5      | Reached skill level 2 in Fighting
  4120 | D:5      | Reached XP level 7. HP: 39/40 MP: 7/16
  4231 | D:5      | Reached skill level 5 in Spellcasting
  4246 | D:5      | Reached skill level 5 in Conjurations
  4573 | D:5      | Found a white marble altar of Elyvilon.
  4574 | D:5      | Found a hazy altar of Hepliaklqana.
  4773 | D:6      | Noticed a hornet
  4778 | D:6      | Noticed a queen bee
  4780 | D:6      | Found a transporter.
  4791 | D:6      | Found a transporter.
  4792 | D:6      | You pick up a book of Scorching and begin reading...
  4825 | D:6      | Noticed Sudilos's ghost (novice GrBe)
  4857 | D:6      | Reached skill level 6 in Fire Magic
  4916 | D:6      | Reached skill level 3 in Hexes
  5073 | D:6      | You pick up a book of Party Tricks and begin reading...
  5073 | D:6      | You add the spells Apportation and Alistair's Intoxication
                  | to your library.
  5157 | D:6      | Found Omimmarr's Book Shop.
  5349 | D:6      | Reached XP level 8. HP: 45/45 MP: 13/18
  5787 | D:7      | Reached skill level 6 in Spellcasting
  5787 | D:7      | Reached skill level 6 in Conjurations
  5787 | D:7      | Reached skill level 4 in Hexes
  5794 | D:7      | Learned a level 4 spell: Flame Wave
  5861 | D:7      | Reached skill level 7 in Fire Magic
  5992 | D:7      | HP: 7/45 [something (8)]
  5993 | D:7      | Reached skill level 3 in Fighting
  6251 | D:7      | Found the +7 great mace "Firestarter" {inner flame, rF++}
  6621 | D:7      | Noticed a hornet
  6771 | D:7      | Found a staircase to the Ecumenical Temple.
  6778 | Temple   | Entered the Ecumenical Temple
  6778 | Temple   | Found a transporter.
  6778 | Temple   | Found a transporter.
  6780 | Temple   | Found a transporter.
  6780 | Temple   | Found a transporter.
  6798 | Temple   | Became a worshipper of Vehumet
  6831 | D:7      | You pick up a book of Flames and begin reading...
  7034 | D:8      | Found Yveythad's Magic Scroll Shoppe.
  7035 | D:8      | Noticed Erica
  7221 | D:8      | You add the spells Blink, Manifold Assault and Storm Form
                  | to your library.
  7947 | D:2      | Killed Sigmund
  7948 | D:2      | Reached skill level 7 in Conjurations
  7948 | D:2      | Reached skill level 5 in Hexes
  7948 | D:2      | Reached XP level 9. HP: 51/51 MP: 13/21
  8053 | D:4      | Killed olaf's ghost
  8054 | D:4      | Reached skill level 8 in Fire Magic
  8302 | D:8      | Learned a level 3 spell: Mephitic Cloud
  8306 | D:8      | Learned a level 3 spell: Ignite Poison
  8506 | D:8      | Reached skill level 7 in Spellcasting
  8913 | D:9      | Reached skill level 8 in Conjurations
  8917 | D:8      | Reached skill level 4 in Fighting
  8917 | D:8      | Reached skill level 6 in Hexes
  8965 | D:9      | Reached skill level 9 in Fire Magic
  9139 | D:9      | Reached XP level 10. HP: 44/57 MP: 16/23
  9179 | D:9      | Reached skill level 8 in Spellcasting
  9343 | D:9      | Reached * piety under Vehumet
  9343 | D:9      | Offered knowledge of Freeze by Vehumet.
  9690 | D:9      | Noticed a two-headed ogre
  9709 | D:9      | Killed a two-headed ogre
  9710 | D:9      | Reached skill level 9 in Conjurations
  9710 | D:9      | Reached skill level 7 in Hexes
  9795 | D:9      | You pick up a book of Spectacle and begin reading...
  9795 | D:9      | You add the spells Dazzling Flash, Iskenderun's Mystic
                  | Blast and Starburst to your library.
 10514 | D:10     | Entered Level 10 of the Dungeon
 10518 | D:10     | Found a staircase to the Lair.
 10520 | D:10     | Noticed Joseph
 10526 | D:10     | Reached skill level 10 in Fire Magic
 10530 | D:10     | Killed Joseph
 10531 | D:10     | Reached skill level 5 in Fighting
 10533 | D:10     | Reached skill level 9 in Spellcasting
 10534 | D:10     | Reached skill level 10 in Conjurations
 10748 | D:10     | HP: 5/59 [spore (29)]
 10749 | D:10     | Reached XP level 11. HP: 6/64 MP: 14/26
 11049 | D:10     | Reached skill level 8 in Hexes
 11049 | D:10     | Reached ** piety under Vehumet
 11051 | D:10     | Offered knowledge of Magic Dart by Vehumet.
 11496 | D:10     | Noticed a two-headed ogre
 11509 | D:10     | Killed a two-headed ogre
 11510 | D:10     | Reached skill level 11 in Fire Magic
 12141 | Lair:1   | Entered Level 1 of the Lair of Beasts
 12166 | Lair:1   | Learned a level 6 spell: Starburst
 12327 | Lair:1   | HP: 15/64 [black bear (5)]
 12327 | Lair:1   | HP: 7/64 [black bear (2)]
 12328 | Lair:1   | HP: 3/64 [black bear (4)]
 12338 | Lair:1   | Killed from afar by a rime drake

Vanquished Creatures
  2 two-headed ogres
  Joseph (D:10)
  2 komodo dragons (Lair:1)
  The ghost of olaf the Cudgeller, an amateur MeBe of Trog (D:4)
  A polar bear (Lair:1)
  Sigmund (D:2)
  A shadow (D:9)
  2 wyverns
  21 yaks
  2 vampire mosquitoes (D:10)
  A steam dragon (D:7)
  2 basilisks (D:10)
  A redback (D:9)
  3 acid dragons
  6 water moccasins
  2 orc warriors (D:10)
  3 ice beasts
  2 sky beasts (D:7)
  2 black bears
  A centaur (D:10)
  A kobold brigand (D:8)
  2 necrophages
  4 bullfrogs
  5 scorpions
  A gnoll sergeant (D:10)
  6 killer bees (D:10)
  An electric eel (D:9)
  4 jellies
  2 orc priests
  2 hounds
  3 iguanas
  7 orc wizards
  6 gnolls
  15 adders
  25 orcs
  12 endoplasms
  3 giant cockroaches
  6 goblins
  4 hobgoblins
  3 jackals
  10 kobolds
  2 quokkas
  9 ball pythons
  5 bats
  3 frilled lizards (D:3)
  10 rats
208 creatures vanquished.

Vanquished Creatures (others)
  463 foxfires
  6 plants
469 creatures vanquished.

Grand Total: 677 creatures vanquished

Table legend:
 A = Non-vault XP
 B = Vault XP
 C = Vault XP percentage of total XP
 D = Non-vault monster count
 E = Vault monster count
 F = Vault count percentage of total count
                 A         B        C        D         E       F
            +---------+---------+-------+---------+---------+-------
      Total |   11111 |    4015 |  26.5 |     174 |      34 |  16.3
            +---------+---------+-------+---------+---------+-------
        D:1 |      34 |       0 |   0.0 |      21 |       0 |   0.0
        D:2 |      72 |     257 |  78.1 |      16 |       6 |  27.3
        D:3 |      51 |       0 |   0.0 |      16 |       0 |   0.0
        D:4 |     373 |     498 |  57.2 |      21 |      11 |  34.4
        D:5 |     406 |       0 |   0.0 |       7 |       0 |   0.0
        D:6 |     696 |       0 |   0.0 |      18 |       0 |   0.0
        D:7 |     664 |       0 |   0.0 |      11 |       0 |   0.0
        D:8 |    1202 |       0 |   0.0 |       9 |       0 |   0.0
        D:9 |    3403 |     532 |  13.5 |      25 |       3 |  10.7
       D:10 |    3066 |    2635 |  46.2 |      26 |      13 |  33.3
     Lair:1 |    1144 |      93 |   7.5 |       4 |       1 |  20.0
            +---------+---------+-------+---------+---------+-------

Illustrated notes

Table legend:
 A = Kills in this place as a percentage of kills in entire the game.
 B = Kills by you in this place as a percentage of kills by you in the entire game.
 C = Kills by friends in this place as a percentage of kills by friends in the entire game.
 D = Other kills in this place as a percentage of other kills in the entire game.
 E = Experience gained in this place as a percentage of experience gained in the entire game.
 F = Experience gained in this place divided by the number of levels of this place that you have seen.
                   A       B       C       D       E      F
               +-------+-------+-------+-------+-------+----------------------
         Total | 100.0 | 100.0 |   N/A |   N/A | 100.0 | 1260.5
       Dungeon |  97.6 |  97.6 |   N/A |   N/A |  91.8 | 1388.9
          Lair |   2.4 |   2.4 |   N/A |   N/A |   8.2 | 1237.0
               +-------+-------+-------+-------+-------+----------------------

Table legend: (Time is in decaauts)
 A = Elapsed time spent in this place.
 B = Non-inter-level travel time spent in this place.
 C = Inter-level travel time spent in this place.
 D = Time resting spent in this place.
 E = Time spent auto-exploring this place.
 F = Levels seen in this place.
 G = Mean time per level.
                   A        B        C        D        E       F      G
               +--------+--------+--------+--------+--------+-----+--------+
         Total |  12358 |  11832 |    526 |   1557 |   8779 |  12 | 1029.8 |
       Dungeon |  12125 |  11610 |    515 |   1557 |   8641 |  10 | 1212.5 |
        Temple |     34 |     25 |      9 |      0 |      6 |   1 |   34.0 |
          Lair |    197 |    197 |      0 |      0 |    132 |   1 |  197.0 |
               +--------+--------+--------+--------+--------+-----+--------+

Top non-repeatable levels by time:
     D:9: 2415 daAuts
     D:4: 1507 daAuts
     D:8: 1371 daAuts
     D:1: 1270 daAuts
     D:7: 1258 daAuts
     D:6: 1024 daAuts
     D:2: 977 daAuts
    D:10: 968 daAuts
     D:5: 733 daAuts
     D:3: 598 daAuts
  Lair:1: 197 daAuts
  Temple: 34 daAuts
